 Dungeon Crawl Stone Soup version 0.23.1 (webtiles) character file.

Game seed: 14498105590258004062

300 Artool the Skirmisher (level 6, -5/49 HPs)
             Began as a Demonspawn Fighter on Mar 14, 2019.
             Shot with an arrow by a centaur (10 damage)
             ... on level 4 of the Dungeon.
             The game lasted 00:08:31 (4222 turns).

Artool the Skirmisher (Demonspawn Fighter)          Turns: 4222, Time: 00:08:31

Health: -5/49      AC:  9    Str: 16    XL:     6   Next: 13%
Magic:  6/6        EV: 10    Int:  9    God:
Gold:   185        SH:  0    Dex: 15    Spells: 5/5 levels left

rFire    . . .     SeeInvis .   y - +0 whip
rCold    . . .     Gourm    .   (no shield)
rNeg     . . .     Faith    .   b - +0 scale mail
rPois    .         Spirit   .   (no helmet)
rElec    .         Reflect  .   A - +0 cloak {MR+}
rCorr    .         Harm     .   (no gloves)
MR       +....                  g - +0 pair of boots
Stlth    ..........             (no amulet)
HPRegen  0.16/turn              (no ring)
MPRegen  0.10/turn              (no ring)

@: no status effects
A: claws 2, powered by death 1
a: no special abilities


You were on level 4 of the Dungeon.
You were not hungry.

You visited 1 branch of the dungeon, and saw 4 of its levels.

You collected 185 gold pieces.

Inventory:

Hand Weapons
 a - a +0 flail
 x - a +2 quarterstaff of chaos
 y - a +0 whip (weapon)
Missiles
 h - 8 tomahawks (quivered)
Armour
 b - a +0 scale mail (worn)
 c - a +0 shield
 g - a +0 pair of boots (worn)
 k - a +0 cloak
 A - a +0 cloak of magic resistance (worn)
 B - a +0 buckler
Scrolls
 e - 2 scrolls of teleportation {unknown}
 j - a scroll of enchant armour {unknown}
 l - a scroll of noise {unknown}
 m - 4 scrolls of identify {unknown}
 s - a scroll of remove curse {unknown}
 t - a scroll of fog {unknown}
 v - a scroll of fear {unknown}
Potions
 d - a potion of might
 i - a potion of brilliance {unknown}
 n - 2 potions of invisibility {unknown}
 o - a potion of curing
 p - 3 potions of lignification {unknown}
 q - 2 potions of heal wounds {unknown}
 r - a potion of resistance {unknown}
 u - a potion of magic {unknown}
 w - 2 potions of mutation {unknown}
 z - a potion of flight {unknown}
Comestibles
 f - 5 rations


   Skills:
 * Level 4.3 Fighting
 * Level 3.2 Maces & Flails
 * Level 3.9 Armour
 + Level 1.5 Dodging
 + Level 3.2 Shields


You had 5 spell levels left.
You didn't know any spells.
Your spell library was empty.

Dungeon Overview and Level Annotations

Branches:
Dungeon (4/15)
 Temple: D:4-7

Altars:
Qazlal
Uskayaw

Annotations:
D:4 Menkaure


Innate Abilities, Weirdness & Mutations

You have very sharp fingernails.
You regenerate a little health from kills.


Message History

You hit the adder skeleton.
You destroy the adder skeleton!
No target in view!
A hound and Menkaure come into view.
Menkaure shouts!
The hound barks!
You hear a shout!
A centaur comes into view.
Things that are here:
a +0 hand axe; a +0 buckler; an orc corpse You butcher the orc corpse.
Menkaure calls on the powers of darkness!
The centaur convulses!
Your body is wracked with pain!
Something is bathed in an unholy light!
Items here: % ) [ รท a +0 hand axe; a +0 buckler; 4 chunks of flesh; an orc skeleton
B - a +0 buckler The centaur wields a +0 shortbow.
The centaur shoots an arrow.
The arrow hits you!
The centaur shoots an arrow.
The arrow hits you!
* * * LOW HITPOINT WARNING * * *
The centaur shoots an arrow.
The arrow hits you!
You die...

.........#......
..........#M..c$.
<.........#......
#.................
........?.........
######.#...............
###............h.(....#
##......#.#..........?.#
........#.#.##..@......##.
....###.#.#.##............
..### #..........."....##.
### ##..####............ #
#......#..##########
#......#...# ###....#...#
#......##..# #......##...


You could see Menkaure, a centaur and a hound.

Vanquished Creatures
  A quasit (D:3)
  Crazy Yiuf (D:3)
  3 orc wizards (D:3)
  7 gnolls
  3 adders (D:3)
  An adder skeleton (D:4)
  A worm (D:3)
  3 dart slugs
  A leopard gecko (D:3)
  9 orcs
  5 giant cockroaches
  A hobgoblin (D:3)
  7 jackals (D:3)
  A quokka (D:3)
  2 ball pythons
  A bat (D:2)
  4 frilled lizards
  9 goblins
  3 kobolds
  4 rats
67 creatures vanquished.

Notes
Turn   | Place    | Note
-------+----------+-------------------------------------------
     0 | D:1      | Artool the Demonspawn Fighter began the quest for the Orb.
     0 | D:1      | Reached XP level 1. HP: 18/18 MP: 1/1
   496 | D:1      | Gained mutation: You regenerate a little health from kills.
                  | [demonic ancestry]
   496 | D:1      | Reached XP level 2. HP: 22/24 MP: 2/2
  1234 | D:2      | Found a hide-covered altar of Uskayaw.
  1309 | D:2      | Gained mutation: You have sharp fingernails. [demonic
                  | ancestry]
  1309 | D:2      | Reached XP level 3. HP: 28/29 MP: 3/3
  1381 | D:2      | Found a stormy altar of Qazlal.
  1881 | D:3      | Reached skill level 1 in Dodging
  1881 | D:3      | Reached XP level 4. HP: 9/35 MP: 4/4
  2500 | D:3      | Reached XP level 5. HP: 9/42 MP: 5/5
  2818 | D:3      | Found a runed translucent door.
  2819 | D:3      | Noticed Crazy Yiuf
  2888 | D:3      | Reached skill level 4 in Fighting
  3276 | D:3      | Killed Crazy Yiuf
  3276 | D:3      | Gained mutation: You have very sharp fingernails. [demonic
                  | ancestry]
  3276 | D:3      | Reached XP level 6. HP: 19/48 MP: 6/6
  4218 | D:4      | Noticed Menkaure
  4222 | D:4      | Shot with an arrow by a centaur

Skill      XL: |  1  2  3  4  5 |
---------------+----------------+-----
Maces & Flails | 2 3 |  3.2
Armour         | 3 |  3.9
Dodging        | 1 |  1.5
Shields        | 3 |  3.2
Fighting       | 4 |  4.3

Action                   |  1- 3 |  4- 6 || total
-------------------------+-------+-------++-------
Melee: Flail             |   118 |    26 ||   144
       Whip              |       |   230 ||   230
  Eat: Chunk             |     2 |     9 ||    11
Armor: Scale mail        |    86 |   148 ||   234
       Skin              |       |     4 ||     4
Dodge: Dodged            |    81 |   156 ||   237
